 Dungeon Crawl Stone Soup version 0.31.0-32-g396128a36d (webtiles) character file.

Game seed: 7629373053271470716

619 PaiMei the Grave Robber (level 7, -4/51 HPs)
             Began as a Demonspawn Necromancer on Mar 28, 2024.
             Slain by a killer bee (8 damage)
             ... on level 5 of the Dungeon.
             The game lasted 00:05:13 (5135 turns).

PaiMei the Grave Robber (Demonspawn Necromancer)    Turns: 5135, Time: 00:05:13

Health: -4/51      AC: 11    Str:  9    XL:     7   Next: 21%
Magic:  1/13       EV: 14    Int: 23    God:
Gold:   224        SH:  0    Dex: 19    Spells: 10/14 levels left

rFire   . . .        t - +2 dagger (speed)
rCold   . . .        (no shield)
rNeg    . . .        a - +0 robe
rPois   .            (no helmet)
rElec   .            i - +0 cloak
rCorr   .            g - +0 pair of gloves
SInv    .            v - +0 pair of boots
Will    .....        (no amulet)
Stlth   +++          k - +6 ring of dexterity
HPRegen 0.28/turn    B - +6 ring of intelligence
MPRegen 0.13/turn

%: no passive effects
@: lethally poisoned (-4 -> -14), sanguine armoured
A: demonic guardian 1, ignite blood 1, sanguine armour 1, weakness stinger 1
a: no special abilities


You were on level 5 of the Dungeon.
You visited 1 branch of the dungeon, and saw 5 of its levels.

You collected 266 gold pieces.
You spent 42 gold pieces at shops.

Inventory:

Hand Weapons
 c - a +0 long sword
 t - a +2 dagger of speed (weapon)
Missiles
 m - 2 throwing nets
 n - 2 atropa-tipped darts
 y - 9 poisoned darts
 z - 6 darts of dispersal (quivered)
Armour
 a - a +0 robe (worn)
 g - a +0 pair of gloves (worn)
 i - a +0 cloak (worn)
 v - a +0 pair of boots (worn)
Jewellery
 f - an amulet of guardian spirit
 k - a +6 ring of dexterity (left hand)
 B - a +6 ring of intelligence (right hand)
Wands
 u - a wand of roots (6)
Scrolls
 h - 2 scrolls of noise {unknown}
 l - a scroll of teleportation {unknown}
 p - 2 scrolls of amnesia {unknown}
 q - a scroll of blinking {unknown}
 r - 2 scrolls of identify {unknown}
 s - a scroll of fear {unknown}
 x - a scroll of vulnerability {unknown}
 A - a scroll of silence {unknown}
Potions
 b - a potion of magic
 d - a potion of heal wounds {unknown}
 e - 4 potions of curing
 j - 2 potions of enlightenment {unknown}
 o - 2 potions of resistance {unknown}
 w - a potion of might {unknown}


   Skills:
 + Level 2.6 Fighting
 + Level 3.9 Dodging
 - Level 3.0 Stealth
 + Level 4.0 Spellcasting
 + Level 6.1 Necromancy


You had 10 spell levels left.
You knew the following spells:

 Your Spells              Type           Power      Damage    Failure   Level
a - Necrotise             Necr           100%       1d9       1%          1
b - Vampiric Draining     Necr           32%        2d8       2%          3

Your spell library contained the following spells:

 Spells                   Type           Power      Damage    Failure   Level
 Animate Dead             Necr           32%        N/A       9%          4
 Curse of Agony           Necr           32%        N/A       24%         5
 Dazzling Flash           Conj/Hex       8%         N/A       30%         3
 Hailstorm                Conj/Ice       4%         3d5       30%         3
 Summon Ice Beast         Ice/Summ       4%         N/A       30%         3
 Volatile Blastmotes      Fire/Tloc      8%         2d10      30%         3
 Sculpt Simulacrum        Ice/Alch       2%         N/A       100%        6
 Starburst                Conj/Fire      2%         6d3       100%        6
 Maxwell's Capacitive Co  Air            2%         ∞         100%        8


Dungeon Overview and Level Annotations

Branches:
Dungeon (5/15)
 Temple: D:4-7

Altars:
Xom

Shops:
D:2 !

Annotations:
D:5 1 runed translucent door, Crazy Yiuf, Sigmund


Innate Abilities, Weirdness & Mutations

A weak demonic guardian rushes to your aid.
Your demonic aura sometimes causes spilled blood to erupt in flames.
When seriously injured, your blood forms armour. (AC +6)
You have a small tail.


Message History

Casting: Vampiric Draining (dangerous; 2% risk of failure)
Confirm with . or Enter, or press ? or * to list all spells.
You don't have enough magic to cast this spell.
* * * LOW HITPOINT WARNING * * *
You feel very sick. The killer bee barely misses you.
The killer bee completely misses you. The killer bee barely misses you.
The killer bee stings you but does no damage.
The killer bee stings you.
* * * LOW HITPOINT WARNING * * *
A demonic guardian appears!
Casting: Vampiric Draining (dangerous; 2% risk of failure)
Confirm with . or Enter, or press ? or * to list all spells.
You don't have enough magic to cast this spell.
You feel better. The killer bee misses you. The killer bee closely misses you.
The killer bee barely misses you. x2; The killer bee closely misses you.
The killer bee stings you.
* * * LOW HITPOINT WARNING * * *
You are poisoned.
The killer bee poisons you! The killer bee stings you.
* * * LOW HITPOINT WARNING * * *
You are lethally poisoned!
The killer bee poisons you! The killer bee barely misses you.
Your ufetubus misses the killer bee. x2
Casting: Vampiric Draining (dangerous; 2% risk of failure)
Confirm with . or Enter, or press ? or * to list all spells.
Aiming: Necrotise (safe; 1% risk of failure)
Press: ? - help, Shift-Dir - straight line, f/p - killer bee
Aim: a killer bee (heavily wounded, chance to affect: 88%)
The killer bee barely resists.
* * * LOW HITPOINT WARNING * * *
You feel very sick. The killer bee closely misses you.
The killer bee stings you but does no damage.
The killer bee misses you. The killer bee barely misses you.
Your ufetubus completely misses the killer bee.
Your ufetubus barely misses the killer bee.
The killer bee misses you. The killer bee closely misses you.
The killer bee stings you!
You die...

#..###...................##..
###...............#######..#
##.................#....$#..#
#..........#.......#....$#.## .
###......####......#.$_..#..#..
#.......###......#..$..#...>.
#####..##...#..#.#.....#.....
#..###.###y..###+###....@
##..##...#@yy.........#
##..##.....yy5.....#.##....
#....†...............# .
##...#.......#.....###
#########..###...## ##..####..#
#....# #### ##..## ####


You could see 5 killer bees and a friendly ufetubus (summoned).

Vanquished Creatures
  2 phantoms (D:5)
  A killer bee (D:5)
  A bombardier beetle (D:5)
  An orc priest (D:4)
  A hound (D:4)
  3 jellies
  2 iguanas
  4 gnolls (D:2)
  6 adders
  2 ufetubi (D:5)
  2 ribbon worms (D:2)
  3 dart slugs
  8 orcs (D:4)
  9 ball pythons
  3 bats
  An endoplasm (D:3)
  A giant cockroach (D:1)
  5 goblins
  5 hobgoblins
  4 jackals (D:4)
  A quokka (D:1)
  2 frilled lizards
  10 kobolds
  2 rats (D:3)
79 creatures vanquished.

Vanquished Creatures (collateral kills)
  A white imp (D:5)
  2 dart slugs (D:1)
  A hobgoblin (D:1)
  A ball python (D:1)
5 creatures vanquished.

Grand Total: 84 creatures vanquished

Notes
Turn   | Place    | Note
-------+----------+-------------------------------------------
     0 | D:1      | PaiMei the Demonspawn Necromancer began the quest for the
                  | Orb.
     0 | D:1      | Reached XP level 1. HP: 13/13 MP: 3/3
   246 | D:1      | Gained mutation: When seriously injured, your blood forms
                  | armour. (AC +6) [demonic ancestry]
   246 | D:1      | Reached XP level 2. HP: 10/19 MP: 0/5
   952 | D:2      | Gained mutation: You have a small tail. [demonic ancestry]
   952 | D:2      | Reached XP level 3. HP: 14/24 MP: 2/6
   956 | D:2      | Learned a level 3 spell: Vampiric Draining
  1297 | D:2      | Found Teener's Distillery.
  1300 | D:2      | Bought a potion of curing for 42 gold pieces
  1676 | D:2      | Reached XP level 4. HP: 30/30 MP: 3/7
  1738 | D:2      | Reached skill level 5 in Necromancy
  2814 | D:3      | Gained mutation: Your demonic aura sometimes causes spilled
                  | blood to erupt in flames. [demonic ancestry]
  2814 | D:3      | Reached XP level 5. HP: 35/35 MP: 3/9
  3643 | D:4      | Reached skill level 1 in Fighting
  3706 | D:4      | Gained mutation: A weak demonic guardian rushes to your
                  | aid. [demonic ancestry]
  3706 | D:4      | Reached XP level 6. HP: 31/43 MP: 3/10
  4411 | D:5      | Entered Level 5 of the Dungeon
  4417 | D:5      | Found a shimmering altar of Xom.
  4768 | D:5      | Reached skill level 6 in Necromancy
  4768 | D:5      | Reached XP level 7. HP: 30/51 MP: 12/12
  4892 | D:5      | Found a runed translucent door.
  4893 | D:5      | Noticed Crazy Yiuf
  5122 | D:5      | Noticed Sigmund
  5135 | D:5      | Slain by a killer bee

Illustrated notes

Levels and vault maps discovered:
D:1:      psy_arrival_fountain, layout_basic
D:2:      layout_basic, serial_shops, nicolae_shop_behind_doors,
          serial_bayou_pond_c, wander_ebering_terrifying_dragon_lair
D:3:      layout_loops_ring
D:4:      layout_gridville
D:5:      layout_cave_pools, amcnicky_altar_gilded, uniq_sigmund,
          uniq_crazy_yiuf_cottage

Skill      XL: |  1  2  3  4  5  6  7 |
---------------+----------------------+-----
Dodging        | 2 3 |  3.9
Stealth        | 2 3 |  3.0
Necromancy     | 5 6 |  6.1
Spellcasting   | 3 4 |  4.0
Fighting       | 1 2 |  2.6

Action                     |  1- 3 |  4- 6 |  7- 9 || total
---------------------------+-------+-------+-------++-------
  Melee: Long sword        |    20 |     5 |       ||    25
         Punch             |     2 |     1 |       ||     3
         Dagger            |       |    76 |     5 ||    81
         Tailslap          |       |     9 |       ||     9
   Cast: Necrotise         |    56 |    88 |     6 ||   150
         Vampiric Draining |       |     9 |     4 ||    13
    Use: Potion            |       |       |     1 ||     1
   Stab: Sleeping          |       |     1 |       ||     1
 Armour: Robe              |    22 |    67 |    23 ||   112
  Dodge: Dodged            |    29 |    80 |    35 ||   144
